[Event "Stadtmeisterschaft Ulm/Neu-Ulm 2011"]
[Site "Ulm"]
[Date "2011.09.16"]
[Round "1"]
[White "Krassowizkij, Jaroslaw"]
[Black "Sander, Lucia"]
[Result "1-0"]
[ECO "D15"]
[WhiteElo "2305"]
[BlackElo "1709"]
[Annotator ",Fred"]
[PlyCount "79"]
[EventDate "2011.09.16"]
[TimeControl "40/7200:1800"]

1. d4 d5 2. c4 c6 3. Nf3 Nf6 4. Nc3 dxc4 5. e4 Bg4 6. Bxc4 e6 7. Be3 b5 8. Bd3
Be7 9. h3 Bh5 10. Qc2 a5 11. Ne5 O-O 12. g4 Bg6 13. f4 h5 14. O-O-O Bh7 15. g5
Nfd7 16. h4 a4 17. f5 Nxe5 18. dxe5 Qa5 19. Rhg1 b4 20. g6 Bxg6 21. Nb1 exf5
22. exf5 Qxe5 23. Bd2 Bh7 24. f6 Bxf6 25. Bxh7+ Kh8 26. Bxb4 Rc8 27. Bf5 Rg8
28. Bd6 Qe3+ 29. Qd2 Qxd2+ 30. Nxd2 Ra5 31. Be4 Rb5 32. Nc4 Rc8 33. Rgf1 Re8
34. Bc2 Re2 35. Rfe1 Rxe1 36. Rxe1 g6 37. Re8+ Kh7 38. Rxb8 Bxh4 39. Bxa4 Bg5+
40. Kc2 1-0

[Event "Stadtmeisterschaft Ulm/Neu-Ulm 2011"]
[Site "Ulm"]
[Date "2011.09.16"]
[Round "1"]
[White "Jahn, Manfred"]
[Black "Fleischer, Frank"]
[Result "1/2-1/2"]
[ECO "A03"]
[WhiteElo "1705"]
[BlackElo "2140"]
[Annotator ",Fred"]
[PlyCount "99"]
[EventDate "2011.09.16"]
[TimeControl "40/7200:1800"]

1. f4 d5 2. Nf3 Nf6 3. g3 g6 4. Bg2 Bg7 5. O-O O-O 6. d3 c5 7. c3 Nc6 8. h3 Qb6
9. Kh2 Rd8 10. Nbd2 d4 11. Qb3 dxc3 12. bxc3 Nd5 13. Bb2 Ne3 14. Rf2 Be6 15.
Qxb6 axb6 16. a4 c4 17. d4 Bd5 18. Ne1 Nxg2 19. Nxg2 f5 20. Ne3 Na5 21. Nxd5
Rxd5 22. e4 fxe4 23. Re2 Rc8 24. Rxe4 Bxd4 25. Rxe7 Bf6 26. Re2 Kf7 27. Rae1 b5
28. axb5 Rxb5 29. Ne4 Be7 30. Nf2 Nc6 31. Ng4 Rd8 32. Ne3 Na5 33. Nxc4 Nc6 34.
Ne3 Bf6 35. Nd1 Rbd5 36. Nf2 Rd2 37. Ne4 Rxe2+ 38. Rxe2 Be7 39. Rd2 Rxd2+ 40.
Nxd2 b5 41. Ne4 Na5 42. Kg2 Nc4 43. Ba1 h5 44. Kf2 Ke6 45. Ke2 Kd5 46. Nd2 Bf6
47. Nb3 Ke4 48. Nc5+ Kd5 49. Nb3 Ke4 50. Nc5+ 1/2-1/2

[Event "Stadtmeisterschaft Ulm/Neu-Ulm 2011"]
[Site "Ulm"]
[Date "2011.09.16"]
[Round "1"]
[White "Smolny, Frieder"]
[Black "Kromer, Thomas"]
[Result "1-0"]
[ECO "E94"]
[WhiteElo "2090"]
[BlackElo "1702"]
[Annotator ",Fred"]
[PlyCount "112"]
[EventDate "2011.09.16"]
[TimeControl "40/7200:1800"]

1. Nf3 d6 2. d4 Nf6 3. c4 g6 4. Nc3 Bg7 5. e4 O-O 6. Be2 Nbd7 7. O-O e5 8. Be3
exd4 9. Nxd4 Ne5 10. f3 Nc6 11. Qd2 Nxd4 12. Bxd4 Be6 13. Rfd1 Nd7 14. Bxg7
Kxg7 15. Rac1 Ne5 16. Nd5 c6 17. Nf4 Qb6+ 18. c5 dxc5 19. Nxe6+ fxe6 20. Qc3
c4+ 21. Kh1 Qc7 22. Bxc4 Rf6 23. Rd2 Nxc4 24. Qxc4 Qe5 25. Rcd1 Raf8 26. b4 g5
27. Rd7+ R8f7 28. Qc5 Qxc5 29. bxc5 Rxd7 30. Rxd7+ Rf7 31. Rd6 Kf6 32. Kg1 Ke5
33. Kf2 Re7 34. Ke3 b6 35. Rd2 bxc5 36. g3 Rf7 37. h4 gxh4 38. f4+ Kf6 39. gxh4
Rg7 40. Rd6 Rg3+ 41. Kf2 Ra3 42. f5 Ke5 43. Rxe6+ Kf4 44. f6 Rxa2+ 45. Ke1 Ke3
46. Kd1 Rd2+ 47. Kc1 Rf2 48. e5 a5 49. Re7 a4 50. f7 Kd3 51. e6 a3 52. Kb1 Kc3
53. Rb7 c4 54. Rb8 Rf1+ 55. Ka2 Rf2+ 56. Ka1 a2 1-0

[Event "Stadtmeisterschaft Ulm/Neu-Ulm 2011"]
[Site "Ulm"]
[Date "2011.09.16"]
[Round "1"]
[White "Lüdke, Joshua"]
[Black "Neidlinger, Markus"]
[Result "1-0"]
[ECO "B21"]
[WhiteElo "1700"]
[BlackElo "2084"]
[Annotator ",Fred"]
[PlyCount "111"]
[EventDate "2011.09.16"]
[TimeControl "40/7200:1800"]

1. e4 c5 2. f4 Nc6 3. Nf3 Nf6 4. e5 Nd5 5. d4 cxd4 6. Nxd4 e6 7. Nxc6 bxc6 8.
c4 Bb4+ 9. Bd2 Ne3 10. Qb3 Bxd2+ 11. Nxd2 Qb6 12. Qc3 Qd4 13. Qxd4 Nc2+ 14. Kf2
Nxd4 15. Ne4 Rb8 16. Rb1 Ke7 17. Bd3 f5 18. Nc5 d6 19. exd6+ Kxd6 20. b4 e5 21.
fxe5+ Kxe5 22. Rhe1+ Kf6 23. a3 Ne6 24. Nb3 Nf4 25. Bf1 Rd8 26. Rbd1 Be6 27. g3
Ng6 28. Nd4 Bd7 29. Nf3 Be6 30. c5 Bd5 31. Bg2 a5 32. Rd4 Bxf3 33. Rxd8 Rxd8
34. Bxf3 Ne5 35. Be2 axb4 36. axb4 Rd2 37. Rb1 Ke6 38. Ke3 Rc2 39. h3 g5 40.
Bd1 Rg2 41. Bb3+ Kf6 42. g4 Rg3+ 43. Ke2 f4 44. Ba4 Rg2+ 45. Kf1 Ra2 46. Bb3
Rh2 47. Rd1 Rh1+ 48. Ke2 Rh2+ 49. Kf1 Rh1+ 50. Ke2 Rxd1 51. Bxd1 f3+ 52. Ke3
Ke6 53. Bb3+ Kd7 54. Ba2 f2 55. Kxf2 Nd3+ 56. Kf3 1-0

[Event "Stadtmeisterschaft Ulm/Neu-Ulm 2011"]
[Site "Ulm"]
[Date "2011.09.16"]
[Round "1"]
[White "Hörsch, Heiner"]
[Black "Späth, Gerhard"]
[Result "1-0"]
[ECO "E51"]
[WhiteElo "2060"]
[BlackElo "1679"]
[Annotator ",Fred"]
[PlyCount "52"]
[EventDate "2011.09.16"]
[TimeControl "40/7200:1800"]

1. d4 d5 2. c4 e6 3. Nf3 Nf6 4. Nc3 Bb4 5. e3 O-O 6. Bd3 Nbd7 7. O-O Re8 8. Qb3
dxc4 9. Bxh7+ Nxh7 10. Qxb4 Nb6 11. a4 a5 12. Qc5 Qd6 13. Nb5 Qxc5 14. dxc5
Nxa4 15. Nxc7 Nxc5 16. Nxa8 Nb3 17. Ra3 Rd8 18. Nb6 Bd7 19. Rd1 Nxc1 20. Rxc1
Bc6 21. Rxa5 Nf6 22. Nxc4 Ne4 23. Nd4 Bd5 24. f3 Nf6 25. Nb6 Bc6 26. Nxc6 bxc6
1-0

[Event "Stadtmeisterschaft Ulm/Neu-Ulm 2011"]
[Site "Ulm"]
[Date "2011.09.16"]
[Round "1"]
[White "Renner, David"]
[Black "Schwab, Matthias"]
[Result "0-1"]
[ECO "C13"]
[WhiteElo "1651"]
[BlackElo "2001"]
[Annotator ",Fred"]
[PlyCount "52"]
[EventDate "2011.09.16"]
[TimeControl "40/7200:1800"]

1. e4 e6 2. d4 d5 3. Nc3 Nf6 4. Bg5 Be7 5. e5 Nfd7 6. h4 a6 7. Nf3 c5 8. Ne2
cxd4 9. Nexd4 Nc6 10. Bxe7 Qxe7 11. Qe2 Ndxe5 12. O-O-O Nxf3 13. Nxf3 Bd7 14.
g3 O-O-O 15. Bg2 Kb8 16. Rhe1 Bc8 17. Kb1 f6 18. c4 dxc4 19. Qxc4 e5 20. Nd2
Be6 21. Qf1 Nd4 22. Ne4 Qf7 23. Nc3 Bf5+ 24. Be4 Bxe4+ 25. Nxe4 Qg6 26. Rc1 Nf3
0-1

[Event "Stadtmeisterschaft Ulm/Neu-Ulm 2011"]
[Site "Ulm"]
[Date "2011.09.16"]
[Round "1"]
[White "Gebhardt, Uwe"]
[Black "Goda, Frederic"]
[Result "0-1"]
[ECO "A80"]
[WhiteElo "1976"]
[BlackElo "1643"]
[Annotator ",Fred"]
[PlyCount "102"]
[EventDate "2011.09.16"]
[TimeControl "40/7200:1800"]

1. d4 f5 2. d5 Nf6 3. c4 g6 4. Nc3 Bg7 5. h4 O-O 6. Nh3 e5 7. dxe6 dxe6 8. Bf4
Qe7 9. Qc2 Nc6 10. e3 Nb4 11. Qb3 c6 12. O-O-O e5 13. Bg5 Na6
14. h5 Be6 15. hxg6 h6 16. Bh4 b5 17. Qc2 Nb4 18. Qb1 a5 19. f4 e4 20. Nf2 Qc5
21. Rh3 bxc4 22. Na4 Qb5 23. Nc3 Qc5 24. Na4 Qb5 25. Nc3 Qb7 26. Rd6 Qe7 27.
Rd4 Nd3+ 28. Bxd3 c5 29. Bxe4 cxd4 30. Bxa8 dxc3 31. Bf3 cxb2+ 32. Qxb2 Qd6 33.
Qe5 Qa3+ 34. Kb1 Qb4+ 35. Kc2 Qb6 36. Qd4 Qb5 37. Qd6 Qe8 38. Bc6 Qc8 39. Bb5
c3 40. Qc6 Qxc6 41. Bxc6 Rc8 42. Ba4 Bxa2 43. Rh1 Nd5 44. Bb3 Bxb3+ 45. Kxb3
Nxe3 46. Nd3 c2 47. Rc1 Rc3+ 48. Ka4 Rxd3 49. Bf2 Bb2 50. Bxe3 Bxc1 51. Bxc1
Rd1 0-1

[Event "Stadtmeisterschaft Ulm/Neu-Ulm 2011"]
[Site "Ulm"]
[Date "2011.09.16"]
[Round "1"]
[White "Baumann, Tobias"]
[Black "Wolf, Rainer"]
[Result "0-1"]
[ECO "B00"]
[WhiteElo "1621"]
[BlackElo "1976"]
[Annotator ",Fred"]
[PlyCount "68"]
[EventDate "2011.09.16"]
[TimeControl "40/7200:1800"]

1. e4 Nc6 2. d4 d5 3. e5 Bf5 4. Nf3 Qd7 5. Bb5 a6 6. Ba4 b5 7. Bb3 Na5 8. O-O
Nxb3 9. axb3 Qc6 10. c3 h5 11. Bf4 h4 12. Nbd2 e6 13. Qe2 Qb7 14. c4 dxc4 15.
bxc4 h3 16. cxb5 hxg2 17. Rfc1 a5 18. Qc4 Ne7 19. Qxc7 Qxc7 20. Rxc7 Nd5 21. b6
Nxc7 22. bxc7 Kd7 23. c8=Q+ Kxc8 24. Nc4 Ra6 25. Rxa5 Rxa5 26. Nxa5 Bb4 27. Bd2
Bxd2 28. Nxd2 Bh3 29. Nf3 f6 30. Nc4 Kd7 31. Ne3 Rc8 32. Nxg2 Rc1+ 33. Nge1 f5
34. b3 g5 0-1

[Event "Stadtmeisterschaft Ulm/Neu-Ulm 2011"]
[Site "Ulm"]
[Date "2011.09.16"]
[Round "1"]
[White "Hörsch, Florian"]
[Black "Kelemen, Alexander"]
[Result "1-0"]
[ECO "B72"]
[WhiteElo "1775"]
[BlackElo "1618"]
[Annotator ",Fred"]
[PlyCount "39"]
[EventDate "2011.09.16"]
[TimeControl "40/7200:1800"]

1. e4 c5 2. Nf3 d6 3. d4 cxd4 4. Nxd4 Nf6 5. Nc3 g6 6. Be3 Bg7 7. Be2 O-O 8.
Qd2 Nc6 9. O-O-O Bd7 10. h4 h5 11. f3 Ne5 12. Bh6 Rc8 13. Bxg7 Kxg7 14. Rdg1
Rh8 15. g4 hxg4 16. fxg4 Nexg4 17. h5 Nf2 18. Rh4 Rxc3 19. Qxc3 N6xe4 20. Rxe4
1-0

[Event "Stadtmeisterschaft Ulm/Neu-Ulm 2011"]
[Site "Ulm"]
[Date "2011.09.16"]
[Round "1"]
[White "Schmidt, Waldemar"]
[Black "Mayer, Arnd"]
[Result "0-1"]
[ECO "A04"]
[WhiteElo "1615"]
[BlackElo "1950"]
[Annotator ",Fred"]
[PlyCount "78"]
[EventDate "2011.09.16"]
[TimeControl "40/7200:1800"]

1. Nf3 c5 2. g3 b6 3. Bg2 Bb7 4. O-O d6 5. c4 e6 6. Nc3 Nd7 7. d3 Ne7 8. Rb1
Ng6 9. a3 Be7 10. Bd2 h5 11. Ne4 h4 12. Bg5 Bxe4 13. Bxe7 Kxe7 14. dxe4 hxg3
15. hxg3 Qg8 16. Qd2 Nde5 17. Nxe5 Nxe5 18. b3 Rd8 19. Rfd1 Rh6 20. f3 Qh7 21.
Kf2 Rf6 22. f4 g5 23. Ke3 gxf4+ 24. gxf4 Qh6 25. Rf1 Ng6 26. Kd3 Nxf4+ 27. Rxf4
Qxf4 28. Qe1 Rg6 29. Bf3 Rg3 30. Qh1 d5 31. exd5 exd5 32. Rd1 dxc4+ 33. Kc2
Rxd1 34. Qxd1 Rg6 35. Qd5 cxb3+ 36. Kxb3 Rd6 37. Qe4+ Qxe4 38. Bxe4 Kf6 39. Bd3
Rxd3+ 0-1

[Event "Stadtmeisterschaft Ulm/Neu-Ulm 2011"]
[Site "Ulm"]
[Date "2011.09.16"]
[Round "1"]
[White "Förderreuther, Jonas"]
[Black "Lell, Stephan"]
[Result "1-0"]
[ECO "C41"]
[WhiteElo "1887"]
[BlackElo "1605"]
[Annotator ",Fred"]
[PlyCount "59"]
[EventDate "2011.09.16"]
[TimeControl "40/7200:1800"]

1. e4 d6 2. d4 Nf6 3. Nc3 Nbd7 4. Nf3 e5 5. Bc4 h6 6. Be3 c6 7. a4 Be7 8. Bb3
Qc7 9. O-O g5 10. Nd2 Nf8 11. Nc4 Ng6 12. dxe5 dxe5 13. a5 Ng4 14. Qf3 Nh4 15.
Qg3 Ng6 16. Nd2 Bb4 17. Qf3 Nh4 18. Qd1 Qe7 19. h3 Nf6 20. f3 Ng6 21. Ne2 Nh5
22. Qe1 Ngf4 23. Qf2 Bxh3 24. Nxf4 Nxf4 25. c3 Bd6 26. Bxf4 gxf4 27. Kh2 Be6
28. Bxe6 Qxe6 29. b4 Kd7 30. Rfd1 1-0

[Event "Stadtmeisterschaft Ulm/Neu-Ulm 2011"]
[Site "Ulm"]
[Date "2011.09.16"]
[Round "1"]
[White "Kinzig, Lars"]
[Black "Deissler, Helmut"]
[Result "1-0"]
[ECO "A29"]
[WhiteElo "1602"]
[BlackElo "1882"]
[Annotator ",Fred"]
[PlyCount "71"]
[EventDate "2011.09.16"]
[TimeControl "40/7200:1800"]

1. c4 e5 2. Nc3 Nf6 3. g3 d5 4. cxd5 Nxd5 5. Bg2 Nb6 6. Nf3 Nc6 7. d3 Be7 8.
O-O O-O 9. a3 Be6 10. b4 f6 11. Ne4 Nd4 12. Nxd4 exd4 13. Bb2 f5 14. Nd2 Bd5
15. Nb3 Bxg2 16. Kxg2 Bf6 17. Nc5 Qd5+ 18. Kg1 a5 19. Qb3 Rfe8 20. Rfe1 axb4
21. axb4 Rxa1 22. Bxa1 Qxb3 23. Nxb3 Nd5 24. Bxd4 Nxb4 25. Bxf6 gxf6 26. Kf1 b6
27. Rc1 c5 28. d4 cxd4 29. Nxd4 Re5 30. Rb1 Nd5 31. f4 Re4 32. Nxf5 Nxf4 33.
Rxb6 Re5 34. Nh6+ Kg7 35. gxf4 Rh5 36. Ng4 1-0

[Event "Stadtmeisterschaft Ulm/Neu-Ulm 2011"]
[Site "Ulm"]
[Date "2011.09.16"]
[Round "1"]
[White "Borkert, Reginald"]
[Black "Walker, Kevin"]
[Result "1-0"]
[ECO "B09"]
[WhiteElo "1881"]
[BlackElo "1560"]
[Annotator ",Fred"]
[PlyCount "57"]
[EventDate "2011.09.16"]
[TimeControl "40/7200:1800"]

1. e4 d6 2. d4 Nf6 3. Nc3 g6 4. f4 Bg7 5. Nf3 c5 6. dxc5 Qa5 7. Bd3 Qxc5 8. Qe2
Nh5 9. Bd2 a6 10. Qf2 Qxf2+ 11. Kxf2 Nc6 12. h3 Bh6 13. Ne2 e5 14. g3 f5 15.
Bc3 Rf8 16. exf5 exf4 17. g4 Ng3 18. Rhe1 Kd8 19. g5 Nxf5 20. gxh6 Ne3 21. Ng5
Ne7 22. Nxh7 Bxh3 23. Nxf8 Ng4+ 24. Kf3 g5 25. h7 Nh2+ 26. Kf2 Ng4+ 27. Kg1 f3
28. Bd4 Nc6 29. Bf2 1-0

[Event "Stadtmeisterschaft Ulm/Neu-Ulm 2011"]
[Site "Ulm"]
[Date "2011.09.16"]
[Round "1"]
[White "Ranade, Kedar"]
[Black "Grosse, Manfred"]
[Result "1/2-1/2"]
[ECO "B76"]
[WhiteElo "1519"]
[BlackElo "1846"]
[Annotator ",Fred"]
[PlyCount "132"]
[EventDate "2011.09.16"]
[TimeControl "40/7200:1800"]

1. e4 c5 2. Nf3 g6 3. Nc3 Bg7 4. d4 cxd4 5. Nxd4 Nc6 6. Be3 d6 7. Qd2 Nf6 8. f3
O-O 9. O-O-O Nxd4 10. Bxd4 Be6 11. Kb1 a6 12. g4 Rc8 13. h4 Nd7 14. Bxg7 Kxg7
15. h5 Rh8 16. Qd4+ f6 17. g5 Qb6 18. gxf6+ exf6 19. Qxb6 Nxb6 20. Rxd6 Rc6 21.
Rxc6 bxc6 22. hxg6 Kxg6 23. Bxa6 Kg5 24. Bb7 Bd7 25. Ba6 Kf4 26. Rh6 Kg5 27.
Rh1 h5 28. Be2 h4 29. e5 fxe5 30. Ne4+ Kf4 31. Nf6 Bf5 32. b3 h3 33. Ng4 Nd5
34. Bf1 Bxg4 35. fxg4 h2 36. g5 Kxg5 37. Bg2 Kf4 38. c4 Ne7 39. a4 c5 40. Kc2
Kg3 41. Bb7 Rb8 42. Be4 Rd8 43. Rd1 Rxd1 44. Kxd1 Kf2 45. Bh1 Ke3 46. Ke1 e4
47. a5 Nc6 48. a6 Na7 49. Bg2 Kd3 50. Bh1 e3 51. Bg2 Kc3 52. Ke2 Kxb3 53. Bd5
Kb4 54. Kxe3 Ka5 55. Kf2 Kxa6 56. Kg2 Nc8 57. Kxh2 Ka5 58. Kg2 Kb4 59. Kf2 Nd6
60. Ke2 Kc3 61. Kd1 Nxc4 62. Bxc4 Kxc4 63. Kc2 Kd4 64. Kd2 c4 65. Kc2 c3 66.
Kc1 Kd3 1/2-1/2

[Event "Stadtmeisterschaft Ulm/Neu-Ulm 2011"]
[Site "Ulm"]
[Date "2011.09.19"]
[Round "1"]
[White "Vetter, Robert"]
[Black "Naafs, Uwe"]
[Result "0-1"]
[ECO "E61"]
[WhiteElo "1804"]
[BlackElo "1491"]
[Annotator ",Fred"]
[PlyCount "93"]
[EventDate "2011.09.16"]
[TimeControl "40/7200:1800"]

1. d4 d6 2. c4 Nf6 3. Nc3 g6 4. g3 Bg7 5. Bg2 Nbd7 6. Nf3 a6 7. O-O O-O 8. Qc2
c5 9. Rd1 Qc7 10. b3 Rb8 11. Bb2 b6 12. Rac1 Bb7 13. e4 cxd4 14. Nxd4 Nc5 15.
Nd5 Nxd5 16. exd5 Nd7 17. Re1 Nf6 18. Re2 Rfe8 19. Qd2 Qd7 20. Qb4 Ba8 21. Rce1
Kf8 22. Qc3 Rbc8 23. Re4 Bxd5 24. R4e2 Bxg2 25. Kxg2 Qb7+ 26. f3 Kg8 27. Qd2
Ng4 28. Re4 Nf6 29. R4e2 Ng4 30. Qg5 Nf6 31. h3 h6 32. Qd2 Qd7 33. f4 Qb7+ 34.
Kh2 Qd7 35. Nf3 Qb7 36. Re3 Qd7 37. Qe2 Kf8 38. Rd1 Qb7 39. Ba3 Rcd8 40. Nd4
Ng8 41. Qf2 Bxd4 42. Rxd4 Qc6 43. f5 g5 44. Rd1 Nf6 45. Bb2 Nd7 46. Rde1 Nf6
47. R3e2 0-1

[Event "Stadtmeisterschaft Ulm/Neu-Ulm 2011"]
[Site "Ulm"]
[Date "2011.09.16"]
[Round "1"]
[White "Andritzke, Karl-Heinz"]
[Black "Hoffart, Alexander"]
[Result "0-1"]
[ECO "A01"]
[WhiteElo "1470"]
[BlackElo "1802"]
[Annotator ",Fred"]
[PlyCount "72"]
[EventDate "2011.09.16"]
[TimeControl "40/7200:1800"]

1. b3 Nf6 2. Bb2 g6 3. e3 Bg7 4. Nf3 O-O 5. Be2 d6 6. Nc3 e5 7. d3 Nc6 8. Nd2
Be6 9. Nde4 Nd7 10. Ng3 f5 11. Bf3 Nf6 12. Qd2 d5 13. O-O-O Bh6 14. Nf1 a5 15.
Kb1 Qd7 16. Na4 b6 17. h4 Bf7 18. Qe1 Rfe8 19. e4 d4 20. exf5 gxf5 21. Ng3 Bf8
22. Bxc6 Qxc6 23. Nxf5 b5 24. Qd2 Ng4 25. Qg5+ Qg6 26. Rdf1 bxa4 27. Rh3 Qxg5
28. hxg5 Bg6 29. Nh4 axb3 30. Nxg6 bxc2+ 31. Kxc2 hxg6 32. Rg3 Nh2 33. Rh1 Bd6
34. f3 e4 35. Rh3 exf3 36. gxf3 Re2+ 0-1

[Event "Stadtmeisterschaft Ulm/Neu-Ulm 2011"]
[Site "Ulm"]
[Date "2011.09.16"]
[Round "1"]
[White "Krauss, Rainer"]
[Black "Topalovic, Ljubisav"]
[Result "1-0"]
[ECO "C64"]
[WhiteElo "1800"]
[BlackElo "1468"]
[Annotator ",Fred"]
[PlyCount "95"]
[EventDate "2011.09.16"]
[TimeControl "40/7200:1800"]

1. e4 e5 2. Nf3 Nc6 3. Bb5 Bc5 4. c3 a6 5. Ba4 b5 6. Bc2 h6 7. d4 exd4 8. cxd4
Bb4+ 9. Bd2 Bxd2+ 10. Nbxd2 d6 11. d5 Ne5 12. Nxe5 dxe5 13. O-O Nf6 14. Qf3 O-O
15. Qc3 Re8 16. Rfc1 Bb7 17. a4 bxa4 18. Bxa4 Re7 19. f3 Rb8 20. Nc4 Nd7 21.
Bxd7 Qxd7 22. Nxe5 Qd6 23. Nc6 Bxc6 24. Qxc6 Qxc6 25. Rxc6 Rxb2 26. Rcxa6 Rc2
27. R6a2 Rc4 28. Kf2 f6 29. Re2 Kf7 30. Raa2 Rc3 31. Rac2 Rxc2 32. Rxc2 Rd7 33.
Ke3 Ke7 34. g4 Kd8 35. Rc6 Rd6 36. Rxd6+ cxd6 37. Kd4 Kd7 38. Kc4 Kc7 39. Kb5
Kb7 40. f4 Kc7 41. Ka6 g6 42. h3 g5 43. f5 Kc8 44. Kb6 Kd7 45. Kb7 Kd8 46. Kc6
Ke7 47. Kc7 Ke8 48. Kxd6 1-0

[Event "Stadtmeisterschaft Ulm/Neu-Ulm 2011"]
[Site "Ulm"]
[Date "2011.09.16"]
[Round "1"]
[White "Frank, Matthias"]
[Black "Lepschi, Albert"]
[Result "1-0"]
[ECO "B18"]
[WhiteElo "1458"]
[BlackElo "1768"]
[Annotator ",Fred"]
[PlyCount "131"]
[EventDate "2011.09.16"]
[TimeControl "40/7200:1800"]

1. e4 c6 2. d4 d5 3. Nc3 dxe4 4. Nxe4 Bf5 5. Ng3 Bg6 6. Nf3 Nf6 7. Ne5 Nbd7 8.
Nxg6 hxg6 9. b3 e6 10. Qd3 Nb6 11. Bb2 Nbd5 12. Be2 Nf4 13. Qf3 Nxe2 14. Nxe2
Qa5+ 15. Bc3 Qh5 16. Qxh5 Rxh5 17. f3 Ba3 18. Kf2 Nd5 19. Bd2 O-O-O 20. c3 Bd6
21. h3 Rdh8 22. Rae1 Rh4 23. Bg5 R4h5 24. Bd2 Kd7 25. Ng3 Bxg3+ 26. Kxg3 Ne7
27. Kf2 Ra5 28. a4 Rah5 29. Rc1 c5 30. dxc5 Rxc5 31. Be3 Ra5 32. Rhd1+ Kc6 33.
c4 Nc8 34. Bd2 Rah5 35. Bb4 Kc7 36. Rc2 Rd8 37. Rcd2 Rhh8 38. Rxd8 Rxd8 39.
Rxd8 Kxd8 40. Bc3 Kd7 41. Bxg7 Kd6 42. Ke3 Ke7 43. Bc3 Kd6 44. Kf4 Ke7 45. Kg5
a6 46. Bb4+ Ke8 47. Kf6 Nb6 48. Ke5 Nd7+ 49. Kd6 Kd8 50. c5 Nf6 51. Ba5+ Kc8
52. Ke7 Nd5+ 53. Kxf7 Nf4 54. g3 Nxh3 55. Kxe6 Ng5+ 56. Kf6 Nxf3 57. Kxg6 Nd4
58. b4 Kd7 59. Kf6 Nc6 60. g4 Ne7 61. g5 Ke8 62. Kg7 Nf5+ 63. Kh7 Kf8 64. g6
Ng7 65. Bd8 Ne8 66. Bg5 1-0

[Event "Stadtmeisterschaft Ulm/Neu-Ulm 2011"]
[Site "Ulm"]
[Date "2011.09.16"]
[Round "1"]
[White "Heinrich, Klaus"]
[Black "Huppertz, Anton"]
[Result "1-0"]
[ECO "A02"]
[WhiteElo "1720"]
[BlackElo "1346"]
[Annotator ",Fred"]
[PlyCount "66"]
[EventDate "2011.09.16"]
[TimeControl "40/7200:1800"]

1. f4 c5 2. e3 d6 3. d4 cxd4 4. exd4 Nf6 5. Nf3 a6 6. c3 b5 7. Bd3 h6 8. O-O e6
9. Qe2 Bb7 10. f5 Bc8 11. fxe6 Bxe6 12. Nbd2 d5 13. Ne5 Be7 14. Ndf3 Qc7 15.
Ng6 Rg8 16. Nxe7 Kxe7 17. Bf5 Qd6 18. Re1 Re8 19. Bxe6 fxe6 20. Ne5 Kf8 21. Qf3
Kg8 22. Bxh6 Qf8 23. Rf1 Ne4 24. Qg4 Nf6 25. Qg3 Ra7 26. Bg5 Nbd7 27. Rf3 Nxe5
28. dxe5 Qc5+ 29. Be3 Ne4 30. Bxc5 Nxg3 31. Bxa7 Ne4 32. Be3 Rf8 33. Rxf8+ Kxf8
1-0

[Event "Stadtmeisterschaft Ulm/Neu-Ulm 2011"]
[Site "Ulm"]
[Date "2011.09.16"]
[Round "1"]
[White "Brischar, Rolf"]
[Black "Stork, Simon"]
[Result "0-1"]
[ECO "D02"]
[WhiteElo "1260"]
[BlackElo "1714"]
[Annotator ",Fred"]
[PlyCount "84"]
[EventDate "2011.09.16"]
[TimeControl "40/7200:1800"]

1. d4 d5 2. Nf3 e6 3. Nbd2 Nf6 4. e3 Bd6 5. Bd3 O-O 6. c3 Nbd7 7. Qc2 e5 8. e4
exd4 9. cxd4 dxe4 10. Nxe4 Nxe4 11. Bxe4 Nf6 12. O-O Nxe4 13. Qxe4 Re8 14. Qd3
Qd7 15. Be3 Qf5 16. Qxf5 Bxf5 17. Nh4 Be4 18. f3 Bd3 19. Rf2 Rxe3 20. g4 Rae8
21. Ng2 Re2 22. Rd1 Bb5 23. Rd2 h6 24. a4 Rxf2 25. Kxf2 Bxa4 26. h4 Kf8 27. Ne3
Bf4 28. Rd3 Rxe3 29. Rxe3 Bxe3+ 30. Kxe3 Ke7 31. Ke4 Bc2+ 32. Kf4 a5 33. g5
hxg5+ 34. hxg5 a4 35. Ke5 b5 36. Kd5 b4 37. Kc4 a3 38. bxa3 bxa3 39. Kc3 a2 40.
Kb2 Bb3 41. f4 Ke6 42. Ka1 Kd5 0-1

[Event "Stadtmeisterschaft Ulm/Neu-Ulm 2011"]
[Site "Ulm"]
[Date "2011.09.26"]
[Round "1"]
[White "Fett, Sabine"]
[Black "Simo von Koschitzky, Ignacio"]
[Result "1-0"]
[ECO "C44"]
[WhiteElo "1618"]
[BlackElo "1460"]
[Annotator ",Fred"]
[PlyCount "55"]
[EventDate "2011.09.16"]
[TimeControl "40/7200:20/3600:1800"]

1. e4 e5 2. Nf3 Nc6 3. d4 exd4 4. Bc4 Qe7 5. O-O g6 6. Ng5 Nh6 7. c3 Bg7 8.
cxd4 Nxd4 9. Nc3 c6 10. Re1 O-O 11. Be3 Ne6 12. Nf3 Ng4 13. Bxe6 Nxe3 14. Bxf7+
Qxf7 15. Rxe3 Qe7 16. e5 b6 17. Qb3+ Qe6 18. Qxe6+ dxe6 19. Rd1 c5 20. Rd6 Re8
21. Nb5 Bh6 22. Re1 Re7 23. Rd8+ Kg7 24. Nd6 Rc7 25. Ne8+ Kf7 26. Nxc7 Rb8 27.
Nb5 a6 28. Rxc8 1-0

[Event "Stadtmeisterschaft Ulm/Neu-Ulm 2011"]
[Site "Ulm"]
[Date "2011.09.27"]
[Round "1"]
[White "Borowsky, Bernd"]
[Black "Kühn, Bernd"]
[Result "0-1"]
[ECO "B28"]
[WhiteElo "1249"]
[BlackElo "1662"]
[Annotator ",Fred"]
[PlyCount "86"]
[EventDate "2011.09.16"]
[TimeControl "40/7200:20/3600:1800"]

1. e4 c5 2. Nf3 a6 3. d4 cxd4 4. Nxd4 Nf6 5. Nc3 e5 6. Nf3 Bb4 7. Bd3 O-O 8.
Bd2 d5 9. exd5 Bxc3 10. Bxc3 e4 11. Bxf6 Qxf6 12. Bxe4 Re8 13. Nd2 Bf5 14. f3
Qd4 15. Qe2 Bxe4 16. fxe4 Nd7 17. O-O-O f5 18. Rhe1 Rac8 19. Qf3 Nc5 20. Nf1
Qa4 21. Kb1 fxe4 22. Qf5 Nd7 23. Ne3 Nf6 24. g4 h6 25. h4 Qd7 26. Qxd7 Nxd7 27.
Nf5 Re5 28. Nd6 Rc7 29. Rxe4 Rxe4 30. Nxe4 Rc4 31. Re1 b5 32. g5 h5 33. g6 Ne5
34. Nd6 Rxh4 35. c4 Nxg6 36. cxb5 axb5 37. Nxb5 Rb4 38. Nc7 Rd4 39. Re6 Nf8 40.
Rd6 h4 41. Rd8 h3 42. Ne6 Rd1+ 43. Kc2 Rf1 0-1

[Event "Stadtmeisterschaft Ulm/Neu-Ulm 2011"]
[Site "Ulm"]
[Date "2011.09.30"]
[Round "2"]
[White "Krauss, Rainer"]
[Black "Krassowizkij, Jaroslaw"]
[Result "0-1"]
[ECO "B18"]
[WhiteElo "1800"]
[BlackElo "2305"]
[Annotator ",Fred"]
[PlyCount "54"]
[EventDate "2011.09.16"]
[TimeControl "40/7200:20/3600:1800"]

1. e4 c6 2. d4 d5 3. Nc3 dxe4 4. Nxe4 Bf5 5. Ng3 Bg6 6. h4 h6 7. h5 Bh7 8. Nf3
e6 9. Bd3 Bxd3 10. Qxd3 Nf6 11. Be3 Qa5+ 12. c3 Bd6 13. Ne4 Nxe4 14. Qxe4 Nd7
15. Qg4 Nf6 16. Qxg7 Ke7 17. Ng5 hxg5 18. Bxg5 Qf5 19. Qxf6+ Qxf6 20. Bxf6+
Kxf6 21. g4 e5 22. dxe5+ Bxe5 23. O-O Rag8 24. f3 Ke6 25. Rfe1 f5 26. Kf2 fxg4
27. fxg4 Rxg4 0-1

[Event "Stadtmeisterschaft Ulm/Neu-Ulm 2011"]
[Site "Ulm"]
[Date "2011.09.30"]
[Round "2"]
[White "Schluricke, Reinhard"]
[Black "Smolny, Frieder"]
[Result "0-1"]
[ECO "C42"]
[WhiteElo "1765"]
[BlackElo "2090"]
[Annotator ",Fred"]
[PlyCount "64"]
[EventDate "2011.09.16"]
[TimeControl "40/7200:20/3600:1800"]

1. e4 e5 2. Nf3 Nf6 3. Nxe5 d6 4. Nf3 Nxe4 5. Nc3 Nxc3 6. dxc3 Be7 7. Be3 Nc6
8. Qd2 Be6 9. O-O-O Qd7 10. Kb1 a6 11. h3 O-O 12. Nd4 Nxd4 13. Bxd4 Qa4 14. c4
c5 15. Bc3 Qd7 16. g4 b5 17. Bg2 Ra7 18. b3 bxc4 19. Bd5 Bxd5 20. Qxd5 cxb3 21.
cxb3 a5 22. f4 a4 23. Rh2 Rb8 24. Rb2 axb3 25. axb3 Rba8 26. Kc2 Qe6 27. Rd2
Qe3 28. Rd3 Qxf4 29. Rf3 Qg5 30. Qxf7+ Kh8 31. Rf5 Bf6 32. Bxf6 Qxf5+ 0-1

[Event "Stadtmeisterschaft Ulm/Neu-Ulm 2011"]
[Site "Ulm"]
[Date "2011.09.30"]
[Round "2"]
[White "Stork, Simon"]
[Black "Hörsch, Heiner"]
[Result "1/2-1/2"]
[ECO "E91"]
[WhiteElo "1714"]
[BlackElo "2060"]
[Annotator ",Fred"]
[PlyCount "76"]
[EventDate "2011.09.16"]
[TimeControl "40/7200:20/3600:1800"]

1. d4 Nf6 2. c4 g6 3. Nc3 Bg7 4. e4 d6 5. Be2 O-O 6. Nf3 c6 7. h3 e5 8. O-O
Nbd7 9. Bg5 h6 10. Be3 Qe7 11. d5 c5 12. Rb1 a5 13. a3 Ne8 14. b4 axb4 15. axb4
f5 16. bxc5 Nxc5 17. Bxc5 dxc5 18. Nd2 Nd6 19. Nb5 Rd8 20. Qb3 Qg5 21. Nf3 Qe7
22. Nd2 Bf6 23. Bf3 Bg5 24. Nxd6 Rxd6 25. Rfd1 Rda6 26. Qb5 Ra5 27. Qb2 Ra2 28.
Qc3 Qd6 29. Nf1 R8a3 30. Rb3 Ra6 31. Rdb1 b6 32. Ne3 R2a4 33. Qc2 f4 34. Nd1 h5
35. Be2 Be7 36. Nc3 R4a5 37. Qb2 Bd8 38. Qd2 Kg7 1/2-1/2